AoeStats
← S-Tier Willy

Nomad

509232690Analyzed
3v3 RM · 6d ago on Sep 26, 2026· 31m 14s· 6 players
Game mode
Random Map
Map size
210×210
Population
200
Speed
Normal
Resources
Standard
Victory
Conquest
Starting age
Dark Age
Ending age
Imperial Age
RankedLock teamsTeams togetherTeam positionsShared explorationLock speedFull tech treeHidden civsTurbo modeCheats
Victory
Defeat
🇸🇮 Danes · Slovenia
1965
+8
🇨🇦 Koreans · Canada
1920
+9
🇭🇰 Berbers · Hong Kong SAR China
1814
+13
🇲🇽 Varangians · Mexico
1910
-15
🇲🇽 Malay · Mexico
1729
-9
🇲🇽 Koreans · Mexico
1626
-6
hK | triunFo
6:38 Loom
14:57 Feudal Age
19:55 Castle Age
17:55 Fletching
20:34 Bodkin Arrow
20:57 Medium Warships
22:20 Double-Bit Axe
26:49 Bow Saw
hK | TwisteR
5:20 Loom
14:13 Feudal Age
17:36 Castle Age
18:22 Double-Bit Axe
FierroFlash
11:27 Loom
13:33 Feudal Age
14:22 Double-Bit Axe
14:27 Town Watch
17:07 Castle Age
15:20 Fishing Lines
16:51 Fletching
18:45 Wheelbarrow
18:53 Scale Mail Armor
22:25 Bodkin Arrow
S-Tier Willy
4:33 Loom
12:51 Feudal Age
13:34 Town Watch
16:36 Castle Age
15:07 Fletching
17:20 Bodkin Arrow
29:26 Ballistics
30:56 Double-Bit Axe
31:03 Gold Mining
30:56 Horse Collar
Dovecar
11:33 Loom
14:05 Feudal Age
17:55 Castle Age
15:46 Double-Bit Axe
15:51 Fishing Lines
16:15 Gold Mining
17:00 Fletching
18:35 Bodkin Arrow
19:03 Bow Saw
22:15 Gillnets
23:06 Padded Archer Armor
24:51 Wheelbarrow
29:36 Hand Cart
29:03 Horse Collar
HKPDSUCKS
4:55 Loom
15:08 Feudal Age
18:45 Castle Age
16:58 Double-Bit Axe
17:23 Fishing Lines
21:38 Bow Saw
23:01 Horse Collar
28:03 Scale Barding Armor
29:35 Forging
30:25 Chain Barding Armor
31:37 Wheelbarrow
Connection lost

Rejoining the realm…

Still unreachable

The connection could not be restored.

Session expired

The server has moved on; the page needs a fresh start.